 Dungeon Crawl Stone Soup version 0.27-a0-1200-g94dc6ad4cf (webtiles) character file.

Game seed: 5466146800544632035

2772 Froggeryz the Basher (level 9, -5/69 HPs)
             Began as a Demonspawn Gladiator on May 29, 2021.
             Was a Priest of Okawaru.
             Succumbed to a hornet's poison
             ... on level 7 of the Dungeon.
             The game lasted 00:06:46 (8109 turns).

Froggeryz the Basher (Demonspawn Gladiator)         Turns: 8109, Time: 00:06:46

Health: -5/69      AC:  6    Str: 18    XL:     9   Next: 42%
Magic:  9/9        EV: 11    Int:  9    God:    Okawaru [***...]
Gold:   291        SH:  0    Dex: 12    Spells: 8/8 levels left

rFire    + . .     SeeInvis .   i - +1 mace (venom)
rCold    + + .     Faith    .   (no shield)
rNeg     + . .     Spirit   .   w - +1 ring mail "Souw" {rC++ rCorr Dex-3 Slay+5}
rPois    .         Reflect  .   (helmet restricted)
rElec    .         Harm     .   (no cloak)
rCorr    +         Rampage  .   (no gloves)
Will     .....                  (no boots)
Stlth    +.........             k - amulet of the acrobat
HPRegen  0.21/turn              G - ring of protection from fire
MPRegen  0.11/turn              t - ring of positive energy

@: lethally poisoned (-5 -> -27), slowed, very slow
A: horns 2, ignite blood 1
a: Renounce Religion, Heroism


You were on level 7 of the Dungeon.
You worshipped Okawaru.
Okawaru was most pleased with you.
You visited 2 branches of the dungeon, and saw 9 of its levels.

You collected 291 gold pieces.

Inventory:

Hand Weapons
 i - a +1 mace of venom (weapon)
Missiles
 f - 19 poisoned darts (quivered)
 r - 7 boomerangs
Armour
 s - a +3 plate armour
 w - the +1 ring mail "Souw" (worn) {rC++ rCorr Dex-3 Slay+5}
   (You found it on level 4 of the Dungeon)

   It affects your dexterity (-3).
   It affects your accuracy and damage with ranged weapons and melee attacks
   (+5).
   It greatly protects you from cold.
   It protects you from acid and corrosion.
Jewellery
 k - an amulet of the acrobat (around neck)
 t - a ring of positive energy (right hand)
 G - a ring of protection from fire (left hand)
Wands
 d - a wand of mindburst (4)
Scrolls
 b - 5 scrolls of identify {unknown}
 c - a scroll of holy word {unknown}
 g - 3 scrolls of immolation {unknown}
 h - a scroll of noise {unknown}
 m - a scroll of summoning {unknown}
 n - 2 scrolls of enchant armour {unknown}
 o - 2 scrolls of silence {unknown}
 p - 2 scrolls of blinking {unknown}
 q - 2 scrolls of enchant weapon {unknown}
 y - a scroll of amnesia {unknown}
 A - a scroll of fear {unknown}
 E - a scroll of teleportation {unknown}
Potions
 a - a potion of resistance {unknown}
 e - a potion of invisibility {unknown}
 j - a potion of magic
 l - 2 potions of attraction {unknown}
 u - a potion of ambrosia {unknown}
 v - a potion of flight {unknown}
 z - a potion of haste {unknown}
 C - a potion of might
 D - a potion of curing {unknown}
 F - a potion of lignification {unknown}


   Skills:
 + Level 5.9 Fighting
 * Level 10.5 Maces & Flails
 - Level 1.7 Throwing
 - Level 3.1 Armour
 - Level 2.6 Dodging


You had 8 spell levels left.
You didn't know any spells.
Your spell library was empty.

Dungeon Overview and Level Annotations

Branches:
Dungeon (8/15)             Temple (1/1) D:4
   Lair: D:8-11

Altars:
Ashenzari
Cheibriados
Dithmenos
Elyvilon
Fedhas
Gozag
Hepliaklqana
Kikubaaqudgha
Makhleb
Nemelex Xobeh
Okawaru
Ru
Sif Muna
Trog
Uskayaw
Wu Jian
Xom
Yredelemnul
Zin
The Shining One

Shops:
D:4 :

Annotations:
D:6 1 runed translucent door, celly00's ghost, novice PaCK


Innate Abilities, Weirdness & Mutations

You have a pair of horns on your head.
Your demonic aura sometimes causes spilled blood to erupt in flames.


Message History

You throw a throwing net.
The throwing net closely misses the hornet.
The throwing net barely misses the orc.
You feel sick. The hornet barely misses you. x2
Throw: 19 darts (poison)
Press: ? - help, Q - select action, (/) - cycle Shift-Dir - straight line, f/p - hornet
Aim: a hornet (53% to hit)
Okay, then.
Unknown command.
You feel much better.
You feel sick. The hornet stings you!
You feel as though you will be slow longer.
The hornet stings you but does no damage.
Aiming: Mindburst
Press: ? - help, Shift-Dir - straight line, f/p - hornet
Aim: a hornet (chance to affect: 56%)
The hornet's mind is blasted!
You feel sick.
You are no longer poisoned.
The hornet stings you!
You are poisoned.
You feel as though you will be slow longer.
The hornet stings you but does no damage.
Aiming: Mindburst
Press: ? - help, Shift-Dir - straight line, f/p - hornet
Aim: a hornet (heavily wounded, chance to affect: 56%)
The hornet resists with significant effort.
You feel very sick. The hornet stings you!
* * * LOW HITPOINT WARNING * * *
You are lethally poisoned!
You feel as though you will be slow longer.
The hornet stings you.
* * * LOW HITPOINT WARNING * * *
You feel as though you will be slow longer.
The hornet stings you!
* * * LOW HITPOINT WARNING * * *
You suddenly lose the ability to move!
You can move again.
Okay, then.
It was a potion of magic.
Magic courses through your body.
You die...

#.##........>.....##.# #.# #
#.##.#####.#####..##.# #.# #
..##.# #..#
#......######.##### ####.#
##.###.....###.........#
####.######.##...##.#
#.###.###.#
#................##.# #.#
#.# #.#
.....######.##...##.#
#.###.###.# #.####
#.####.##.###.........) #.##
##.# #@...........###.# #..#
#..####y##.........# #.#
##.# ###......oo.#.##..#.##
#.# #.#
#≈♣...###).###.#..#.####.#
##.# #♣≈...##.(.#
##........... ...#
♣♣≈..≈≈#.#.# ##..#......#
#.o# #♣♣≈≈..≈≈♣)..#
##.#>#.###### #..#
♣P≈≈≈.≈≈≈≈≈♣♣###.##.#.######
#..#
♣≈≈≈....[≈≈≈≈♣#.....(.......


You could see a hornet and 2 orcs.

Vanquished Creatures
  A wyvern (D:5)
  Eustachio (D:5)
  A steam dragon (D:6)
  2 water moccasins
  2 black bears (D:6)
  An orc warrior (D:7)
  2 ice beasts
  A necrophage (D:6)
  2 centaurs
  4 ogres
  2 bullfrogs
  7 howler monkeys
  An electric eel (D:7)
  2 hounds (D:5)
  A jelly (D:6)
  A centaur skeleton (D:5)
  3 orc priests
  5 iguanas
  Ijyb (D:5)
  6 orc wizards
  3 howler monkey skeletons
  4 adders
  3 white imps
  2 ufetubi
  2 worms
  17 orcs
  An endoplasm (D:2)
  3 giant cockroaches
  5 hobgoblins
  6 jackals (D:2)
  2 quokkas
  5 ball pythons
  8 bats
  3 frilled lizards
  7 goblins
  4 kobolds
  2 rats
123 creatures vanquished.

Vanquished Creatures (others)
  2 orcs (D:7)
  16 plants (D:7)
18 creatures vanquished.

Grand Total: 141 creatures vanquished

Notes
Turn   | Place    | Note
-------+----------+-------------------------------------------
     0 | D:1      | Froggeryz the Demonspawn Gladiator began the quest for the
                  | Orb.
     0 | D:1      | Reached XP level 1. HP: 16/16 MP: 1/1
    79 | D:1      | Reached skill level 3 in Maces & Flails
   505 | D:1      | Gained mutation: Your demonic aura sometimes causes spilled
                  | blood to erupt in flames. [demonic ancestry]
   505 | D:1      | Reached XP level 2. HP: 22/22 MP: 2/2
  1226 | D:2      | Reached XP level 3. HP: 18/27 MP: 3/3
  1513 | D:2      | Noticed an ogre
  1524 | D:2      | Killed an ogre
  1525 | D:2      | Reached skill level 5 in Maces & Flails
  1525 | D:2      | Reached XP level 4. HP: 17/33 MP: 4/4
  2212 | D:3      | Found a faded altar of an unknown god.
  2554 | D:3      | Reached XP level 5. HP: 36/38 MP: 5/5
  3076 | D:4      | Found a staircase to the Ecumenical Temple.
  3108 | Temple   | Entered the Ecumenical Temple
  3289 | Temple   | Became a worshipper of Warmaster Okawaru
  3418 | D:4      | Found Inae's Book Emporium.
  3587 | D:4      | Identified the +1 ring mail "Souw" {rC++ rCorr Dex-3
                  | Slay+5}
  3824 | D:5      | Entered Level 5 of the Dungeon
  3853 | D:5      | Reached skill level 6 in Maces & Flails
  3853 | D:5      | Reached XP level 6. HP: 40/44 MP: 6/6
  3890 | D:5      | Reached skill level 1 in Armour
  4366 | D:5      | Reached * piety under Okawaru
  4386 | D:5      | HP: 1/44 [something/magic dart (10)]
  4399 | D:5      | Gained mutation: You have a pair of small horns on your
                  | head. [demonic ancestry]
  4399 | D:5      | Reached XP level 7. HP: 26/50 MP: 7/7
  4613 | D:5      | Noticed a wyvern
  4624 | D:5      | Killed a wyvern
  4625 | D:5      | Reached skill level 7 in Maces & Flails
  4967 | D:5      | Noticed Ijyb
  4984 | D:5      | Killed Ijyb
  5022 | D:5      | Noticed Eustachio
  5038 | D:5      | Killed Eustachio
  5039 | D:5      | Reached skill level 8 in Maces & Flails
  5039 | D:5      | Reached XP level 8. HP: 21/57 MP: 8/8
  5228 | D:5      | Found an opulent altar of Gozag.
  5553 | D:6      | Found a runed translucent door.
  5559 | D:6      | Noticed celly00's ghost (novice PaCK)
  5641 | D:6      | Reached ** piety under Okawaru
  5944 | D:6      | Reached skill level 9 in Maces & Flails
  6770 | D:7      | Gained mutation: You have a pair of horns on your head.
                  | [demonic ancestry]
  6770 | D:7      | Reached XP level 9. HP: 66/67 MP: 9/9
  6796 | D:7      | Reached skill level 5 in Fighting
  6806 | D:7      | Reached *** piety under Okawaru
  6921 | D:7      | Found a hazy altar of Hepliaklqana.
  7250 | D:7      | Reached skill level 10 in Maces & Flails
  8108 | D:7      | HP: 2/69 [hornet (7)]
  8108 | D:7      | Paralysed by a hornet for 1 turns
  8109 | D:7      | Succumbed to a hornet's poison

Illustrated notes

Levels and vault maps discovered:
D:1:      dpeg_arrival_connections, layout_loops_cross
D:2:      layout_loops_cross
D:3:      layout_loops_cross, basic_ecumenical_altar
D:4:      layout_basic, minmay_temple_entry_trees, serial_shops,
          kennysheep_mini_moat, kennysheep_small_spiral
D:5:      cheibrodos_helix_gallery, layout_basic, grunt_gozag_statues,
          uniq_eustachio, uniq_ijyb
D:6:      layout_loops_cross, lemuel_doored_altar, ebering_ghost_reflecting_pool
D:7:      layout_loops_ring, nicolae_hepliaklqana_hippocampus,
          serial_bayou_ford_a
D:8:      layout_basic, lair_entry_dummy
Temple:   minmay_crystal_spiral_temple

Skill      XL: |  1  2  3  4  5  6  7  8  9 |
---------------+----------------------------+-----
Maces & Flails | 3 5 6 8 9 10 | 10.5
Armour         | 2 3 |  3.1
Fighting       | 4 5 |  5.9
Throwing       | |  1.7
Dodging        | |  2.6

Action                   |  1- 3 |  4- 6 |  7- 9 || total
-------------------------+-------+-------+-------++-------
Melee: Flail             |    86 |       |       ||    86
       Mace              |    26 |   113 |   152 ||   291
       Headbutt          |       |       |    31 ||    31
Throw: Throwing net      |     1 |     2 |     4 ||     7
       Dart              |       |     1 |       ||     1
Evoke: Wand              |       |       |     4 ||     4
  Use: Potion            |       |     1 |     4 ||     5
 Stab: Held in net/web   |     2 |       |       ||     2
Armor: Leather armour    |    32 |       |       ||    32
       Ring mail         |    38 |    38 |    50 ||   126
Dodge: Dodged            |   102 |    84 |   121 ||   307

Table legend: (Time is in decaauts)
 A = Elapsed time spent in this place.
 B = Non-inter-level travel time spent in this place.
 C = Inter-level travel time spent in this place.
 D = Time resting spent in this place.
 E = Time spent auto-exploring this place.
 F = Levels seen in this place.
 G = Mean time per level.
                   A        B        C        D        E       F      G
               +--------+--------+--------+--------+--------+-----+--------+
         Total |   8154 |   7804 |    350 |   1053 |   5758 |   9 |  906.0 |
       Dungeon |   7941 |   7675 |    266 |   1053 |   5632 |   8 |  992.6 |
        Temple |    212 |    128 |     84 |      0 |    126 |   1 |  212.0 |
               +--------+--------+--------+--------+--------+-----+--------+

Top non-repeatable levels by time:
     D:5: 1730 daAuts
     D:6: 1342 daAuts
     D:7: 1205 daAuts
     D:1: 1136 daAuts
     D:2: 1103 daAuts
     D:4: 731 daAuts
     D:3: 674 daAuts
  Temple: 212 daAuts
     D:8: 17 daAuts
